 Dungeon Crawl Stone Soup version 0.27.1-15-g792fb953b9 (webtiles) character file.

Game seed: 5430835146497369536

40 oldmanjim the Cutter (level 3, -1/31 HPs)
             Began as a Gnoll Wanderer on Nov 19, 2021.
             Slain by an adder (3 damage)
             ... on level 3 of the Dungeon.
             The game lasted 00:07:19 (1867 turns).

oldmanjim the Cutter (Gnoll Wanderer)               Turns: 1867, Time: 00:07:19

Health: -1/31      AC:  3    Str: 12    XL:     3   Next: 50%
Magic:  4/4        EV: 12    Int: 12    God:
Gold:   144        SH:  0    Dex: 10    Spells: 3/3 levels left

rFire    . . .     SeeInvis .   a - +2 short sword
rCold    . . .     Faith    .   (no shield)
rNeg     . . .     Spirit   .   c - +0 robe
rPois    .         Reflect  .   f - +0 helmet
rElec    .         Harm     .   (no cloak)
rCorr    .         Rampage  .   (no gloves)
Will     .....                  (no boots)
Stlth    ++........             (no amulet)
HPRegen  0.10/turn              (no ring)
MPRegen  0.09/turn              (no ring)

@: no status effects
A: fangs 1, strong nose, distributed training
a: no special abilities


You were on level 3 of the Dungeon.
You visited 1 branch of the dungeon, and saw 3 of its levels.

You collected 144 gold pieces.

Inventory:

Hand Weapons
 a - a +2 short sword (weapon)
 b - a +0 hunting sling
Missiles
 g - 54 sling bullets
 l - 117 stones
 p - 6 javelins (quivered)
Armour
 c - a +0 robe (worn)
 f - a +0 helmet (worn)
Scrolls
 h - a scroll of identify {unknown}
 j - a scroll of vulnerability {unknown}
 k - a scroll of blinking {unknown}
 m - 2 scrolls of acquirement {unknown}
 n - 2 scrolls of teleportation
Potions
 d - a potion of degeneration {unknown}
 e - 5 potions of curing {unknown}
 i - a potion of heal wounds {unknown}
 o - 2 potions of flight {unknown}


   Skills:
 + Level 4.5 Fighting
 + Level 6.5 Short Blades
 + Level 0.8 Long Blades
 + Level 0.8 Axes
 + Level 0.8 Maces & Flails
 + Level 0.8 Polearms
 + Level 0.8 Staves
 + Level 0.8 Slings
 + Level 0.8 Bows
 + Level 0.8 Crossbows
 + Level 4.5 Throwing
 + Level 0.8 Armour
 + Level 2.6 Dodging
 + Level 2.4 Stealth
 + Level 0.8 Shields
 + Level 2.6 Unarmed Combat
 + Level 0.8 Spellcasting
 + Level 0.5 Conjurations
 + Level 0.5 Hexes
 + Level 0.5 Summonings
 + Level 0.5 Necromancy
 + Level 0.5 Translocations
 + Level 0.5 Transmutations
 + Level 0.5 Fire Magic
 + Level 0.5 Ice Magic
 + Level 0.5 Air Magic
 + Level 0.5 Earth Magic
 + Level 0.5 Poison Magic
 + Level 1.0 Invocations
 + Level 0.8 Evocations


You had 3 spell levels left.
You didn't know any spells.
Your spell library was empty.

Dungeon Overview and Level Annotations

Branches:
Dungeon (3/15)

Altars:
Xom

Shops:
D:1 [

Annotations:
D:3 Grinder


Innate Abilities, Weirdness & Mutations

You have very sharp teeth.
Your uncanny sense of smell can sniff out nearby items.
Your experience applies equally to all skills.


Message History

You hit Grinder.
Grinder is lightly wounded.
Grinder gestures at you.
You suddenly lose the ability to move!
Grinder hits you. x2
You writhe in agony.
* * * LOW HITPOINT WARNING * * *
Grinder hits you.
* * * LOW HITPOINT WARNING * * *
You writhe in agony.
* * * LOW HITPOINT WARNING * * *
Grinder hits you.
* * * LOW HITPOINT WARNING * * *
You can move again.
As you read the scroll of teleportation, it crumbles to dust.
You feel strangely unstable. Grinder closely misses you.
Grinder gestures at you.
You shrug off the repeated paralysis!
Your surroundings suddenly seem different.
A frilled lizard comes into view.
The frilled lizard hisses angrily.
The adder hisses angrily.
An orc comes into view. It is wielding a +0 hand axe.
The orc shouts!
You hit the adder. Your bite misses the adder.
The adder is lightly wounded.
The adder completely misses you.
You barely miss the adder.
The adder is lightly wounded.
The adder closely misses you.
The kobold throws a stone.
The stone closely misses you.
The stone barely misses the adder.
You hit the adder.
The adder is severely wounded.
The adder closely misses you.
The frilled lizard hisses.
The kobold throws a stone.
The stone barely misses you.
The stone completely misses the adder.
You hit the adder.
The adder is almost dead.
The adder bites you.
You die...

#.# ∆
.........############ .
#...................# ..
#_..................#
...#.o....K..(........<#
.......................#
.............(.(......5#
.........####..(..S....#
.......@.# .........
.......S.# ......(.#
.......l.# ........#
.......... .....((##
#.......... #...........
#...........#
###.........#
#........##


You could see an adder, an orc, a kobold and a frilled lizard.

Vanquished Creatures
  2 adders (D:2)
  An orc (D:3)
  An endoplasm (D:2)
  A giant cockroach (D:2)
  4 goblins
  2 hobgoblins (D:2)
  A kobold (D:2)
  3 bats
  2 frilled lizards (D:1)
  2 rats (D:1)
19 creatures vanquished.

Notes
Turn   | Place    | Note
-------+----------+-------------------------------------------
     0 | D:1      | oldmanjim the Gnoll Wanderer began the quest for the Orb.
     0 | D:1      | oldmanjim set off with the following items: a +2 short
                  | sword, 2 scrolls of teleportation, a +0 robe
     0 | D:1      | Reached XP level 1. HP: 20/20 MP: 1/1
   510 | D:1      | Found Cegucw's Antique Armour Shoppe.
   645 | D:2      | Reached XP level 2. HP: 12/26 MP: 2/2
   922 | D:2      | Reached XP level 3. HP: 19/31 MP: 3/3
  1414 | D:2      | Found a shimmering altar of Xom.
  1726 | D:2      | Reached skill level 1 in Invocations
  1753 | D:3      | Noticed Grinder
  1844 | D:3      | Found a faded altar of an unknown god.
  1854 | D:3      | Paralysed by Grinder for 4 turns
  1858 | D:3      | HP: 1/31 [Grinder (1)]
  1867 | D:3      | Slain by an adder

Illustrated notes

Levels and vault maps discovered:
D:1:      dpeg_arrival_fog, layout_loops_ring, serial_shops, shop,
          minmay_tetromino_o2
D:2:      layout_loops_corners, basic_altar
D:3:      layout_rooms, basic_ecumenical_altar, amethyst_killhole, uniq_grinder

Skill      XL: |  1  2  3 |
---------------+----------+-----
Invocations    | 1 |  1.0
Fighting       | |  4.5
Short Blades   | |  6.5
Long Blades    | |  0.8
Axes           | |  0.8
Maces & Flails | |  0.8
Polearms       | |  0.8
Staves         | |  0.8
Slings         | |  0.8
Bows           | |  0.8
Crossbows      | |  0.8
Throwing       | |  4.5
Armour         | |  0.8
Dodging        | |  2.6
Stealth        | |  2.4
Shields        | |  0.8
Unarmed Combat | |  2.6
Spellcasting   | |  0.8
Conjurations   | |  0.5
Hexes          | |  0.5
Summonings     | |  0.5
Necromancy     | |  0.5
Translocations | |  0.5
Transmutations | |  0.5
Fire Magic     | |  0.5
Ice Magic      | |  0.5
Air Magic      | |  0.5
Earth Magic    | |  0.5
Poison Magic   | |  0.5
Evocations     | |  0.8

Action                   || total
-------------------------++-------
Melee: Short sword       ||    51
       Bite              ||     1
       Punch             ||     2
 Fire: Hunting sling     ||    35
  Use: Scroll            ||     1
 Stab: Sleeping          ||     1
Armor: Robe              ||    14
Dodge: Dodged            ||    30
